 Dungeon Crawl Stone Soup version 0.29-a0-598-gd8304a5bf4 (webtiles) character file.

Game seed: 2037096672081307323

219 xian the Caller (level 5, -13/57 HPs)
             Began as a Palentonga Summoner on June 16, 2022.
             Killed by divine providence
             ... invoked by an orc priest
              (14 damage)
             ... on level 3 of the Dungeon.
             The game lasted 00:13:00 (3498 turns).

xian the Caller (Palentonga Summoner)               Turns: 3498, Time: 00:13:00

Health: -13/57     AC: 10    Str: 11    XL:     5   Next: 63%
Magic:  7/10       EV: 10    Int: 17    God:
Gold:   80         SH:  0    Dex: 11    Spells: 4/10 levels left

rFire   . . .      SeeInvis +   i - +1 dagger (holy)
rCold   . . .      Faith    .   (no shield)
rNeg    . . .      Spirit   .   a - +1 robe
rPois   .          Reflect  .   (no helmet)
rElec   .          Harm     .   (no cloak)
rCorr   .          Rampage  .   d - +0 pair of gloves
Will    .....                   (no barding)
Stlth   ..........              (no amulet)
HPRegen 0.19/turn               c - +4 ring of protection
MPRegen 0.12/turn               (no ring)

@: berserking (expiring), very quick
A: large, rugged brown scales 3, see invisible, deformed body, roll 1, armoured
tail
a: Rolling Charge


You were on level 3 of the Dungeon.
You visited 1 branch of the dungeon, and saw 3 of its levels.

You collected 80 gold pieces.

Inventory:

Hand Weapons
 i - a +1 dagger of holy wrath (weapon)
Missiles
 f - 5 poisoned darts
 g - 6 atropa-tipped darts
Armour
 a - a +1 robe (worn)
 d - a +0 pair of gloves (worn)
Jewellery
 c - a +4 ring of protection (left hand)
Wands
 m - a wand of quicksilver (10)
Scrolls
 e - a scroll of fog
 j - a scroll of immolation {unknown}
 k - a scroll of identify {unknown}
 l - a scroll of teleportation
Potions
 b - a potion of magic


   Skills:
 + Level 0.3 Fighting
 + Level 1.0 Short Blades
 + Level 0.4 Maces & Flails
 + Level 2.2 Dodging
 + Level 1.5 Stealth
 + Level 0.6 Unarmed Combat
 + Level 3.4 Spellcasting
 + Level 4.3 Summonings


You had 4 spell levels left.
You knew the following spells:

 Your Spells              Type           Power      Damage    Failure   Level
a - Summon Small Mammal   Summ           68%        N/A       2%          1
b - Call Imp              Summ           17%        N/A       4%          2
c - Summon Guardian Gole  Hex/Summ       10%        N/A       21%         3

Your spell library contained the following spells:

 Spells                   Type           Power      Damage    Failure   Level
 Call Canine Familiar     Summ           17%        N/A       9%          3
 Summon Lightning Spire   Summ/Air       10%        N/A       56%         4


Dungeon Overview and Level Annotations

Branches:
Dungeon (3/15)

Altars:
Xom


Innate Abilities, Weirdness & Mutations

You are completely covered in rugged brown scales. (AC +3, +7% HP)
You have supernaturally acute eyesight. (SInv)
Armour fits poorly on your strangely shaped body.
You can roll at nearby foes to attack.
You have a long armoured tail.


Message History

Your shadow imp closely misses the orc priest.
It was a potion of berserk rage.
A red film seems to cover your vision as you go berserk!
You feel yourself moving faster!
You feel mighty!
You puncture the orc priest!
The orc priest is heavily wounded.
You hit the orc priest.
Your tail-slap misses the orc priest.
The orc priest is almost dead.
The orc priest hits you but does no damage.
Your rat barely misses the orc priest.
Your shadow imp barely misses the orc priest.
You hit the orc priest but do no damage.
The orc priest is almost dead.
Something hits your rat but does no damage.
The orc priest hits you with a +0 falchion.
* * * LOW HITPOINT WARNING * * *
The orc wizard gestures at you while chanting.
The magic dart hits your rat.
Your rat dies!
Your rat's corpse disappears in a puff of smoke!
Your shadow imp gestures at the orc priest.
The orc priest struggles to resist.
You puncture the orc priest!
You kill the orc priest!
Your Short Blades skill increases to level 1!
The orc priest barely misses you.
The orc wizard hits you but does no damage.
You see here a +0 club.
You hit the orc wizard.
Your tail-slap misses the orc wizard.
The orc wizard is moderately wounded.
The orc priest hits you but does no damage.
The orc wizard gestures at you while chanting.
You resist with some effort.
You closely miss the orc wizard.
The orc wizard is moderately wounded.
You hit the orc wizard.
The orc wizard is severely wounded.
The orc priest mumbles some strange prayers to Beogh against you.
Beogh smites you!
You die...

##...######......... #.#
.......# #..######. #.#
#####.## #..## #.#### #.#
#..)### #....# #+# #.#..?#
#....# ... #...#.# ####.†.#
.... #)###.###.##.......
..... #.).......##.###..#
......####@5..######.###...
....$.'ogoo................
......####....######.###...
..... ##.#..# #.###..# ....
####.# #....... ... .#
#####.## #. .# #.# # .#
#####.## .# #.......


You could see an orc priest, an orc wizard (invisible), an orc, a hobgoblin and
a friendly shadow imp (summoned).

Vanquished Creatures
  An orc priest (D:3)
  2 orc wizards (D:3)
  A gnoll (D:1)
  An adder (D:2)
  A dart slug (D:2)
  4 orcs (D:3)
  4 bats
  4 endoplasms
  2 giant cockroaches
  3 goblins
  2 jackals
  3 ball pythons
  4 frilled lizards
  A kobold (D:2)
  2 rats
35 creatures vanquished.

Vanquished Creatures (collateral kills)
  Terence (D:2)
  3 adders
  2 orcs (D:3)
  2 ball pythons
  2 bats
  An endoplasm (D:3)
  2 giant cockroaches
  A goblin (D:2)
  A hobgoblin (D:1)
  5 jackals
  A frilled lizard (D:3)
  5 kobolds
  2 rats (D:2)
28 creatures vanquished.

Grand Total: 63 creatures vanquished

Notes
Turn   | Place    | Note
-------+----------+-------------------------------------------
     0 | D:1      | xian the Palentonga Summoner began the quest for the Orb.
     0 | D:1      | Reached XP level 1. HP: 13/13 MP: 3/3
   431 | D:1      | Reached XP level 2. HP: 11/20 MP: 1/5
   438 | D:1      | Learned a level 2 spell: Call Imp
   972 | D:2      | Noticed Terence
  1049 | D:2      | Killed Terence
  1050 | D:2      | Reached XP level 3. HP: 19/25 MP: 2/6
  1241 | D:2      | Reached skill level 4 in Summonings
  1305 | D:2      | Reached XP level 4. HP: 29/32 MP: 3/8
  1398 | D:2      | Found a shimmering altar of Xom.
  1417 | D:2      | Learned a level 3 spell: Summon Guardian Golem
  2779 | D:3      | Reached XP level 5. HP: 24/37 MP: 7/9
  2852 | D:3      | HP: 1/37 [orc wizard/magic dart (8)]
  3255 | D:3      | Found a faded altar of an unknown god.
  3493 | D:3      | HP: 1/55 [orc priest/+0 falchion (4)]
  3495 | D:3      | Reached skill level 1 in Short Blades
  3498 | D:3      | Killed from afar by an orc priest

Illustrated notes

Levels and vault maps discovered:
D:1:      matt_arrival_refuge, layout_basic
D:2:      layout_basic, basic_altar, palyth_stone_intersect,
          kennysheep_cross_bottleneck, hangedman_decor_push, st_stairs_7,
          uniq_terence
D:3:      layout_loops_corners, ebering_ecumenical_altar_abandoned

Skill      XL: |  1  2  3  4  5 |
---------------+----------------+-----
Summonings     | 4 |  4.3
Spellcasting   | 3 |  3.4
Dodging        | 2 |  2.2
Short Blades   | 1 |  1.0
Fighting       | |  0.3
Maces & Flails | |  0.4
Stealth        | |  1.5
Unarmed Combat | |  0.6

Action                   |  1- 3 |  4- 6 || total
-------------------------+-------+-------++-------
Melee: Unarmed           |    28 |       ||    28
       Tailslap          |     8 |    12 ||    20
       Flail             |    13 |       ||    13
       Dagger            |       |   123 ||   123
       Punch             |       |     1 ||     1
 Cast: Summon Small Mamm |    18 |    17 ||    35
       Call Imp          |     7 |    15 ||    22
       Summon Guardian G |       |     1 ||     1
 Abil: Rolling Charge    |       |     4 ||     4
  Use: Scroll            |     4 |     1 ||     5
       Potion            |       |     1 ||     1
 Stab: Distracted        |     1 |       ||     1
       Sleeping          |     1 |     3 ||     4
Armor: Robe              |    42 |    80 ||   122
Dodge: Dodged            |    35 |    73 ||   108

Table legend: (Time is in decaauts)
 A = Elapsed time spent in this place.
 B = Non-inter-level travel time spent in this place.
 C = Inter-level travel time spent in this place.
 D = Time resting spent in this place.
 E = Time spent auto-exploring this place.
 F = Levels seen in this place.
 G = Mean time per level.
                   A        B        C        D        E       F      G
               +--------+--------+--------+--------+--------+-----+--------+
         Total |   3498 |   3498 |      0 |     42 |   2278 |   3 | 1166.0 |
       Dungeon |   3498 |   3498 |      0 |     42 |   2278 |   3 | 1166.0 |
               +--------+--------+--------+--------+--------+-----+--------+

Top non-repeatable levels by time:
     D:3: 1442 daAuts
     D:2: 1045 daAuts
     D:1: 1011 daAuts
